Map: Cerulean Fall LE

Players

ShoWTimE - Winner!

  • Race: Protoss Protoss
  • League: Grandmaster
  • Spawn Location: 1:00

llllllllllll (GuMiho)

  • Race: Terran Terran
  • Spawn Location: 7:00

Event: IEM Season 13 - Katowice Server Qualifiers Europe

VOD

Have the link to the VOD?

Description

Time

  • Played on: Jan. 8, 2019, 11:51 a.m.
  • Length: 7:35

All games in this series

Show
View Real Time Build Order
Export as new Build Order

ShoWTimE Protoss - Winner!

Build Orders: 1 Gate Expand, Phoenix Opening, Blink Stalkers 

Get SALT Encoding   

  12  0:00  Probe  
  13  0:12  Probe  
  14  0:17  Pylon  
  14  0:24  Probe  
  15  0:32  Probe  
  15  0:38  Gateway  
  15  0:40  Probe  
  16  0:47  Assimilator  
  17  0:51  Probe  
  18  1:03  Probe  
  19  1:15  Probe  
  20  1:25  Cybernetics Core  
  20  1:34  Nexus  
  20  1:37  Probe  
  21  1:44  Pylon  
  21  1:49  Probe  
  21  1:52  Assimilator  
  21  1:53  Adept  
  22  2:01  Probe  
  22  2:06  Warp Gate  
  25  2:11  Sentry  
  25  2:13  Probe  
  27  2:26  Probe  
  28  2:38  Probe  
  28  2:41  Twilight Council  
  28  2:42  Probe  
  29  2:48  Phoenix, Stalker  
  29  2:50  Probe x2, Blink  
  34  3:00  Probe  
  34  3:02  Probe  
  36  3:07  Gateway  
  36  3:09  Gateway  
  36  3:12  Probe  
  37  3:16  Probe  
  38  3:24  Probe  
  39  3:27  Stalker  
  39  3:30  Probe  
  42  3:36  Probe  
  42  3:38  Pylon  
  43  3:42  Probe  
  44  3:48  Probe  
  44  3:51  Robotics Facility  
  44  3:54  Probe  
  46  3:57  Shield Battery  
  46  4:00  Probe  
  46  4:01  Pylon  
  47  4:09  Stalker x2  
  51  4:14  Stalker  
  53  4:18  Pylon  
  53  4:21  Probe x2  
  53  4:32  Charge  
  53  4:36  Phoenix  
  53  4:38  Nexus  
  53  4:40  Observer  
  54  4:46  Probe x2  
  54  4:47  Assimilator  
  56  4:58  Gateway  
  56  4:59  Gateway  
  56  5:03  Gateway  
  56  5:06  Gateway  
  56  5:10  Gateway, Probe  
  56  5:12  Probe  
  58  5:17  Stalker  
  60  5:22  Probe  
  60  5:23  Warp Prism  
  60  5:25  Probe  
  64  5:31  Stalker  
  66  5:37  Probe x2  
  66  5:41  Pylon  
  68  5:43  Pylon  
  70  5:51  Zealot x2  
  72  5:57  Stalker x2  
  72  5:58  Zealot  
  78  6:05  Zealot x3  
  82  6:12  Zealot x2  
  72  6:19  Zealot  
  72  6:21  Zealot x2  
  73  6:26  Zealot x3  
  79  6:36  Zealot x2  
  75  6:42  Observer  
  75  6:43  Zealot  
  75  6:44  Zealot x2  
  75  6:47  Zealot x3  
  91  6:56  Pylon  
  91  6:57  Pylon  
  88  7:04  Zealot  
  88  7:05  Zealot x4  
  88  7:08  Zealot  
  100  7:29  Zealot x3, Stalker x3  
  100  7:30  Stalker x2  
Show
View Real Time Build Order
Export as new Build Order

llllllllllll Terran 

Build Orders: Gas First Reaper Expand 

Get SALT Encoding   

  12  0:00  SCV  
  13  0:13  SCV  
  14  0:18  Supply Depot  
  14  0:25  SCV  
  15  0:30  Refinery  
  15  0:39  SCV  
  16  0:44  Barracks  
  16  0:51  SCV  
  17  1:03  SCV  
  18  1:15  SCV  
  19  1:31  Orbital Command  
  19  1:32  Reaper  
  20  1:43  Command Center  
  20  1:53  Factory  
  20  1:57  SCV  
  21  2:04  Refinery  
  21  2:07  Barracks Reactor  
  21  2:09  SCV  
  21  2:14  Supply Depot  
  22  2:24  SCV  
  23  2:36  SCV  
  24  2:38  Starport  
  24  2:41  Factory Tech Lab  
  24  2:43  Marine x2  
  26  2:48  SCV  
  27  2:56  Orbital Command  
  27  3:00  SCV  
  27  3:04  Cyclone  
  31  3:07  Marine  
  31  3:08  Marine  
  34  3:12  SCV  
  34  3:18  Medivac  
  36  3:21  Supply Depot  
  36  3:24  SCV  
  37  3:29  SCV  
  37  3:31  Marine x2  
  40  3:36  SCV  
  40  3:38  Cyclone  
  44  3:41  SCV  
  45  3:50  Supply Depot  
  45  3:52  Marine, Viking  
  45  3:53  Marine  
  45  3:55  SCV  
  50  3:57  SCV  
  50  4:02  Supply Depot  
  51  4:10  Marine x2  
  51  4:14  Siege Tank  
  56  4:17  SCV x2  
  58  4:28  Marine x2  
  59  4:36  SCV x2  
  60  4:43  Viking  
  62  4:46  Marine x2  
  62  4:48  SCV x2  
  69  4:52  Siege Tank  
  69  4:53  Supply Depot  
  69  5:00  SCV  
  69  5:02  Command Center  
  69  5:04  Supply Depot  
  70  5:12  Marine x2, SCV  
  70  5:13  Barracks x2  
  73  5:15  Starport Tech Lab  
  73  5:18  SCV  
  74  5:25  Supply Depot  
  74  5:29  Marine x2, Siege Tank  
  74  5:33  SCV x2  
  81  5:39  Supply Depot  
  81  5:45  SCV x2  
  81  5:47  Marine x2  
  85  5:50  Banshee  
  89  5:57  SCV x2  
  88  6:05  Marine x2  
  88  6:06  Marine x2  
  88  6:09  SCV x2  
  87  6:21  SCV x2  
  87  6:23  Marine x2  
  86  6:30  Orbital Command  
  86  6:31  Barracks Tech Lab, Barracks Reactor  
  84  6:33  SCV x2  
  71  6:41  Marine, Siege Tank  
  71  6:45  Marine, SCV x2  
  73  6:47  Supply Depot x2  
  73  6:51  Bunker  
  73  6:57  SCV x2  
  73  6:58  Marine  
  75  7:02  Marine, Supply Depot  
  75  7:03  Marine  
  80  7:12  Refinery x2  
  80  7:16  Marine  

Tags
 
Add a new tag
Caveats
  • Supply blocks, unpowered buildings, or Contaminate may cause inaccurate times.
  • Supply counts are checked every 10 seconds.